 Dungeon Crawl Stone Soup version 0.29-a0-613-gf2c431b9b9 (webtiles) character file.

Game seed: 16392435645810637227

98 thriggle the Digger (level 5, 0/40 HPs)
             Began as a Meteoran Earth Elementalist on June 16, 2022.
             Slain by a hobgoblin (3 damage)
             ... led by Robin
             ... on level 2 of the Dungeon.
             The game lasted 00:10:34 (1089 turns).

thriggle the Digger (Meteoran Earth Elementalist)   Turns: 1089, Time: 00:10:35

Health: 0/40       AC:  7    Str: 11    XL:     5   Next: 22%
Magic:  1/10       EV: 12    Int: 20    God:
Gold:   102        SH:  0    Dex: 14    Spells: 4/10 levels left

rFire   . . .      SeeInvis .   j - +0 whip
rCold   . . .      Faith    .   (no shield)
rNeg    . . .      Spirit   .   g - +0 leather armour
rPois   .          Reflect  .   (no helmet)
rElec   .          Harm     .   (no cloak)
rCorr   .          Rampage  .   l - +2 pair of gloves of Xuffuisch {Int+3}
Will    .....                   k - +0 pair of boots
Stlth   +.........              (no amulet)
HPRegen 0.13/turn               h - ring of wizardry
MPRegen 0.12/turn               (no ring)

@: glowing, bezotted
A: sense surroundings 1, otherworldly, glowing, explore regen
a: no special abilities


You were on level 2 of the Dungeon.
You visited 1 branch of the dungeon, and saw 2 of its levels.

You collected 102 gold pieces.

Inventory:

Hand Weapons
 f - a +0 short sword
 i - a +0 club
 j - a +0 whip (weapon)
Missiles
 c - 94 stones
Armour
 a - a +0 robe
 g - a +0 leather armour (worn)
 k - a +0 pair of boots (worn)
 l - the +2 pair of gloves of Xuffuisch (worn) {Int+3}
   (You acquired it on level 2 of the Dungeon)

   Int:       It affects your intelligence (+3).
Magical Staves
 p - a staff of air
Jewellery
 h - a ring of wizardry (left hand)
Scrolls
 q - a scroll of identify {unknown}
 r - a scroll of magic mapping {unknown}
Potions
 b - a potion of magic
 d - a potion of degeneration {unknown}
 e - a potion of curing
 m - a potion of heal wounds {unknown}
 n - a potion of invisibility {unknown}
 o - a potion of flight {unknown}


   Skills:
 + Level 1.6 Fighting
 + Level 1.7 Maces & Flails
 + Level 1.1 Armour
 + Level 3.0 Dodging
 - Level 1.6 Stealth
 + Level 3.2 Spellcasting
 + Level 2.1 Transmutations
 + Level 4.1 Earth Magic


You had 4 spell levels left.
You knew the following spells:

 Your Spells              Type           Power      Damage    Failure   Level
a - Sandblast             Erth           38%        2d10      1%          1
b - Stone Arrow           Conj/Erth      22%        3d8       10%         3
c - Passwall              Tmut/Erth      12%        N/A       3%          2

Your spell library contained the following spells:

 Spells                   Type           Power      Damage    Failure   Level
 Petrify                  Tmut/Erth      15%        N/A       21%         4


Dungeon Overview and Level Annotations

Branches:
Dungeon (2/15) Zot: 67

Altars:


Innate Abilities, Weirdness & Mutations

You passively map a small area around you.
You are easily found by Zot.
You glow in the dark.
You regain HP and MP as you explore.


Message History

The hobgoblin barely misses you.
The hobgoblin hits you but does no damage. x2
The endoplasm freezes you.
You are frozen.
The hobgoblin hits you. The endoplasm freezes you.
You are frozen.
The hobgoblin hits you but does no damage.
The hobgoblin closely misses you.
Press: ? - help, v - describe, . - travel, g - get item
Items here: a +0 hunting sling of flaming; a +0 club.
The floor.
Casting: Sandblast (safe; 1% risk of failure)
Confirm with . or Enter, or press ? or * to list all spells.
Aiming: Sandblast (safe; 1% risk of failure)
Press: ? - help, Shift-Dir - straight line, f - endoplasm
Aim: an endoplasm (lightly wounded, 98% to hit)
The blast of sand hits the endoplasm!
You kill the endoplasm!
The hobgoblin hits you. The hobgoblin misses you. x2
The hobgoblin closely misses you. The hobgoblin misses you. x2
You closely miss the hobgoblin. The hobgoblin barely misses you.
The hobgoblin hits you.
* * * LOW HITPOINT WARNING * * *
The hobgoblin barely misses you. The hobgoblin attacks as you move away!
The hobgoblin closely misses you. The hobgoblin barely misses you.
The hobgoblin attacks as you move away! The hobgoblin hits you.
* * * LOW HITPOINT WARNING * * *
The hobgoblin hits you.
* * * LOW HITPOINT WARNING * * *
The hobgoblin attacks as you move away! The hobgoblin closely misses you.
The hobgoblin attacks as you move away!
The hobgoblin hits you but does no damage.
The hobgoblin attacks as you move away! The hobgoblin hits you.
* * * LOW HITPOINT WARNING * * *
The hobgoblin attacks as you move away! The hobgoblin barely misses you.
The hobgoblin attacks as you move away!
The hobgoblin hits you but does no damage.
The hobgoblin attacks as you move away! The hobgoblin hits you.
You die...

########################
#...................... #
#.######.............##'#
#.# * ,+.................
#.# , #@......†....$....
#.# #ggg..............
#.# * *#.......).....##'#
#.# #..........)......
#.# #....)............
#.# #....)............
#.# #.................
#.# #...........)...).
#.# #..............).#


You could see 3 hobgoblins.

Vanquished Creatures
  Robin (D:2)
  4 adders (D:2)
  2 dart slugs (D:1)
  2 ball pythons (D:2)
  4 bats
  5 endoplasms
  A giant cockroach (D:1)
  9 goblins
  3 hobgoblins
  2 quokkas
  2 frilled lizards
  8 kobolds
  3 rats
46 creatures vanquished.

Notes
Turn   | Place    | Note
-------+----------+-------------------------------------------
     0 | D:1      | thriggle the Meteoran Earth Elementalist began the quest
                  | for the Orb.
     0 | D:1      | Reached XP level 1. HP: 14/14 MP: 5/5
   123 | D:1      | Reached XP level 2. HP: 22/22 MP: 3/6
   275 | D:1      | Reached XP level 3. HP: 24/27 MP: 4/8
   306 | D:1      | Reached skill level 1 in Fighting
   427 | D:2      | Learned a level 3 spell: Stone Arrow
   440 | D:2      | Learned a level 2 spell: Passwall
   541 | D:2      | Reached skill level 1 in Maces & Flails
   541 | D:2      | Reached XP level 4. HP: 35/35 MP: 9/9
   726 | D:2      | Reached skill level 1 in Armour
   726 | D:2      | Reached skill level 4 in Earth Magic
   726 | D:2      | Identified a scroll of acquirement
   726 | D:2      | Acquired the +2 pair of gloves of Xuffuisch {Int+3}
   996 | D:2      | Noticed Robin
  1001 | D:2      | Killed Robin
  1002 | D:2      | Reached XP level 5. HP: 33/40 MP: 6/10
  1062 | D:2      | Glimpsed the power of Zot.
  1089 | D:2      | Slain by a hobgoblin

Illustrated notes

Levels and vault maps discovered:
D:1:      dpeg_arrival_water_temple_mockup, layout_basic,
          shapermc_ecumenical_altar_starsandcircs
D:2:      layout_basic, uniq_robin

Skill      XL: |  1  2  3  4 |
---------------+-------------+-----
Spellcasting   | 3 |  3.2
Fighting       | 1 |  1.6
Maces & Flails | 1 |  1.7
Armour         | 1 |  1.1
Transmutations | 2 |  2.1
Earth Magic    | 4 |  4.1
Dodging        | 3 |  3.0
Stealth        | |  1.6

Action                   |  1- 3 |  4- 6 || total
-------------------------+-------+-------++-------
Melee: Whip              |    25 |    32 ||    57
 Cast: Sandblast         |    27 |    15 ||    42
       Passwall          |     1 |    11 ||    12
       Stone Arrow       |       |     3 ||     3
  Use: Scroll            |       |     1 ||     1
       Potion            |       |     1 ||     1
 Stab: Sleeping          |       |     1 ||     1
Armor: Robe              |    24 |     9 ||    33
       Leather armour    |       |    52 ||    52
Dodge: Dodged            |    36 |    72 ||   108

Table legend: (Time is in decaauts)
 A = Elapsed time spent in this place.
 B = Non-inter-level travel time spent in this place.
 C = Inter-level travel time spent in this place.
 D = Time resting spent in this place.
 E = Time spent auto-exploring this place.
 F = Levels seen in this place.
 G = Mean time per level.
                   A        B        C        D        E       F      G
               +--------+--------+--------+--------+--------+-----+--------+
         Total |   1132 |   1121 |     11 |      0 |      0 |   2 |  566.0 |
       Dungeon |   1132 |   1121 |     11 |      0 |      0 |   2 |  566.0 |
               +--------+--------+--------+--------+--------+-----+--------+

Top non-repeatable levels by time:
     D:2: 740 daAuts
     D:1: 392 daAuts
